 Dungeon Crawl Stone Soup version 0.16-a0-4053-g5391420 (console) character file.

487 Monkaria the Carver (level 6, 0/52 HPs)
             Began as a Minotaur Chaos Knight on Feb 20, 2015.
             Succumbed to poison (a potion of poison)
             ... on level 4 of the Dungeon.
             The game lasted 00:04:41 (2119 turns).

Monkaria the Carver (Minotaur Chaos Knight)         Turns: 2119, Time: 00:04:42

Health: 0/52       AC: 10    Str: 23    XL:     6   Next: 89%
Magic:  3/3        EV: 13    Int:  9    God:    Xom [..*...]
Gold:   129        SH:  0    Dex: 14    Spells: 0 memorised, 5 levels left

rFire  . . .     SeeInvis .     a - +0 falchion (chaos)
rCold  . . .     Clarity  .     k - +0 chain mail {rN+}
rNeg   + . .     SustAb   .     (no shield)
rPois  .         Gourm    .     (helmet restricted)
rElec  .         Spirit   .     (no cloak)
rCorr  .         Warding  .     j - +1 pair of gloves
rMut   .         Stasis   .     (no boots)
MR     .....                    (no amulet)
Stlth  ..........               (no ring)
                                m - +4 ring of strength

@: agile, lethally poisoned (0 -> -22), not resistant to hostile enchantments,
extremely unstealthy
A: retaliatory headbutt, horns 2
a: Renounce Religion


You were on level 4 of the Dungeon.
You worshipped Xom.
You were a toy of Xom.
You were not hungry.

You visited 1 branch of the dungeon, and saw 4 of its levels.

You collected 129 gold pieces.

Inventory:

Hand weapons
 a - a +0 falchion of chaos (weapon)
 v - a +0 blowgun
Missiles
 w - 21 poisoned needles
Armour
 j - a +1 pair of gloves (worn)
 k - a +0 chain mail of positive energy (worn)
Jewellery
 m - a +4 ring of strength (left hand)
Magical devices
 n - a wand of polymorph (10)
Scrolls
 d - a scroll of remove curse {unknown}
 e - 4 scrolls of identify {unknown}
 h - a scroll of fog {unknown}
 l - 2 scrolls of enchant weapon {unknown}
 o - 2 scrolls of random uselessness {unknown}
 p - 4 scrolls of teleportation {unknown}
 q - 2 scrolls of enchant armour {unknown}
 t - a scroll of noise {unknown}
 u - a scroll of blinking {unknown}
Potions
 x - a potion of magic
Comestibles
 c - 2 bread rations
 g - 2 meat rations
 i - a beef jerky


   Skills:
 - Level 4.3 Fighting
 * Level 9.1 Long Blades
 - Level 2.4 Armour
 - Level 1.1 Dodging


You had 5 spell levels left.
You didn't know any spells.

Dungeon Overview and Level Annotations

Branches:
Dungeon (4/15)
 Temple: D:4-7

Altars:

Portals:
Sewer: D:4


Innate Abilities, Weirdness & Mutations

You reflexively headbutt those who attack you in melee.
You have a pair of horns on your head.


Message History

Drink which item? (? for menu, Esc to quit)
Okay, then.
You hit the worker ant.
You kill the worker ant!
* * * LOW HITPOINT WARNING * * *
You feel very sick.
There is a lethal amount of poison in your body!
* * * LOW HITPOINT WARNING * * *
You feel sick.
You see here 31 arrows.
* * * LOW HITPOINT WARNING * * *
You feel very sick.
* * * LOW HITPOINT WARNING * * *
You feel sick.
* * * LOW HITPOINT WARNING * * *
You feel sick.
* * * LOW HITPOINT WARNING * * *
You feel sick.
You die...
Xom titters!

. #.###.####.(# . # #.#
#..## .## ##.####...#
#.# ##.........#
#.#.##.........## ##.#.
#...≈≈≈...... #.###...
#..≈≈≈≈≈.[##.
#../..####..≈≈∩≈≈....
#...@....(.≈≈≈≈≈.....
#.....#..####†..≈≈≈.....
..# #..# #.).......>.
#..# #...........
#..........####.#(
#..#####.### #... ...
.... .... .## #####


There were no monsters in sight!

Vanquished Creatures
  An ice beast (D:3)
  The ghost of haldagan the Poker, an average MfFi (D:3)
  A centaur skeleton (D:4)
  An orc wizard (D:3)
  A worker ant (D:4)
  An orc priest (D:3)
  8 adders
  2 river rats (D:4)
  A gnoll (D:1)
  4 worms
  5 orcs (D:3)
  8 goblins
  14 hobgoblins
  4 jackals (D:3)
  6 kobolds
  2 quokkas
  3 ball pythons
  10 bats
  7 giant cockroaches
  4 giant newts
  6 rats
90 creatures vanquished.

Notes
Turn   | Place    | Note
--------------------------------------------------------------
     0 | D:1      | Monkaria, the Minotaur Chaos Knight, began the quest for the Orb.
     0 | D:1      | Reached XP level 1. HP: 19/19 MP: 1/1
    71 | D:1      | Reached skill level 4 in Long Blades
    99 | D:1      | Reached XP level 2. HP: 27/27 MP: 1/1
   210 | D:1      | XOM: potion effect (might)
   345 | D:1      | Reached XP level 3. HP: 33/33 MP: 2/2
   769 | D:2      | XOM: divination: detect creatures
   794 | D:2      | Reached skill level 5 in Long Blades
   862 | D:2      | Reached XP level 4. HP: 21/40 MP: 2/2
  1528 | D:3      | Reached skill level 6 in Long Blades
  1533 | D:3      | Reached XP level 5. HP: 39/46 MP: 2/2
  1589 | D:3      | Noticed an ice beast
  1595 | D:3      | XOM: potion effect (haste)
  1601 | D:3      | Killed an ice beast
  1601 | D:3      | Reached skill level 7 in Long Blades
  1635 | D:3      | Reached XP level 6. HP: 42/52 MP: 3/3
  1718 | D:3      | Noticed haldagan's ghost (average MfFi)
  1721 | D:3      | XOM: potion effect (might)
  1727 | D:3      | Killed haldagan's ghost
  1727 | D:3      | Reached skill level 8 in Long Blades
  1742 | D:3      | XOM: divination: detect items
  1744 | D:3      | XOM: harmless Erth miscast
  2054 | D:4      | Found a glowing drain.
  2062 | D:4      | Reached skill level 9 in Long Blades
  2118 | D:4      | HP: 2/52 [poison (a potion of poison)]
  2119 | D:4      | Succumbed to poison (a potion of poison)

Action                   |  1- 3 |  4- 6 || total
-------------------------+-------+-------++-------
Melee: Falchion          |    82 |   144 ||   226
Evoke: Wand              |       |     2 ||     2
  Use: Potion            |       |     5 ||     5
 Stab: Petrifying        |       |     1 ||     1
  Eat: Chunk             |       |     4 ||     4
